 Dungeon Crawl Stone Soup version 0.31.0-9-g3a7656b989 (webtiles) character file.

Game seed: 11452734956318465561

35 qw the Shooter (level 3, -1/20 HPs)
             Began as a Deep Elf Hunter on Feb 2, 2024.
             Killed from afar by Sigmund (8 damage)
             ... with a magic dart
             ... on level 2 of the Dungeon.
             The game lasted 00:00:02 (1012 turns).

qw the Shooter (Deep Elf Hunter)                    Turns: 1012, Time: 00:00:03

Health: -1/20      AC:  4    Str: 16    XL:     3   Next: 16%
Magic:  5/5        EV: 12    Int: 13    God:
Gold:   23         SH:  0    Dex: 18    Spells: 2/2 levels left

rFire   . . .        a - +0 shortbow
rCold   . . .        (shield currently unavailable)
rNeg    . . .        c - +0 leather armour
rPois   .            (no helmet)
rElec   .            (no cloak)
rCorr   .            (no gloves)
SInv    .            f - +0 pair of boots
Will    .....        (no amulet)
Stlth   ++           h - +6 ring of strength
HPRegen 0.23/turn    (no ring)
MPRegen 0.09/turn

%: no passive effects
@: brilliant, on berserk cooldown, slowed, very slow
A: no striking features
a: no special abilities


You were on level 2 of the Dungeon.
You visited 1 branch of the dungeon, and saw 2 of its levels.

You collected 117 gold pieces.
You spent 94 gold pieces at shops.


   Skills:
 - Level 1.5 Fighting
 + Level 6.7 Ranged Weapons
 - Level 2.4 Dodging
 - Level 1.2 Stealth


You had 2 spell levels left.
You didn't know any spells.
Your spell library was empty.

Inventory:

Hand Weapons
 a - a +0 shortbow (weapon)
Armour
 c - a +0 leather armour (worn)
 f - a +0 pair of boots (worn)
Jewellery
 h - a +6 ring of strength (left hand)
Scrolls
 b - a scroll of vulnerability {unknown}
 d - a scroll of identify {unknown}

Dungeon Overview and Level Annotations

Branches:
Dungeon (2/15)

Altars:

Shops:
D:1 ![([(

Annotations:
D:2 Sigmund


Message History

Sigmund the Dreaded comes into view.
He is wielding a +0 scythe and carrying a wand of flame.
You shoot an arrow. The arrow hits Sigmund.
Sigmund shouts!
Sigmund is lightly wounded.
Sigmund points at you and mumbles some strange words.
You are confused.
998 ||| DRINKING inky potion.
It was a potion of berserk rage.
A red film seems to cover your vision as you go berserk!
You feel yourself moving faster!
You feel mighty! Sigmund asks, "Do you like me?"
Sigmund zaps a wand.
The puff of flame misses you.
You feel a strong urge to attack something.
You feel your anger nearly subside.
You are no longer berserk.
You are exhausted.
You feel yourself slow down.
1002 ||| DRINKING ruby potion.
It was a potion of brilliance.
You feel clever all of a sudden.
Sigmund points at you and mumbles some strange words.
You are more confused.
Sigmund zaps a wand.
The puff of flame hits you.
Sigmund is suddenly surrounded by pale red light.
Sigmund zaps a wand.
The puff of flame hits you. Sigmund hits you but does no damage.
Sigmund closely misses you. Sigmund closely misses you.
You feel less confused. Sigmund hits you but does no damage.
You shoot an arrow. The arrow hits Sigmund.
Sigmund is lightly wounded.
Sigmund casts a spell.
Sigmund flickers and vanishes!
Deactivating autopickup; reactivate with Ctrl-A.
You shoot an arrow. Something hits you.
You shoot an arrow. Something hits you.
You shoot an arrow.
A magic dart appears from out of thin air!
The magic dart hits you!
You die...

#########.......#......####.###.#
#%.....:#......# #.# #.#
#.......#......# #.# #.#
#..............# #.# #.#
#..............# #.# #.#
#........####### #(# #.#
#........# #.###.# #####+##.#
#...... #@# #####.# .....{....#
#.# .....#...## #######.# ....
#...# #........ ... #.}.#
#######.# .. #...# ##...# . .....
#..### ..... #.## #^.#


There were no monsters in sight!

Vanquished Creatures
  A dart slug (D:1)
  2 bats (D:1)
  An endoplasm (D:1)
  2 giant cockroaches (D:1)
  5 hobgoblins (D:1)
  3 jackals (D:1)
  3 ball pythons
  A frilled lizard (D:1)
  5 goblins (D:1)
  5 kobolds (D:1)
  2 rats
30 creatures vanquished.

Notes
Turn   | Place    | Note
-------+----------+-------------------------------------------
     0 | D:1      | qw the Deep Elf Hunter began the quest for the Orb.
     0 | D:1      | Reached XP level 1. HP: 12/12 MP: 3/3
     0 | D:1      | 0 ||| qw: Version: 0.3-a-155-g5e7d8dd
     0 | D:1      | 0 ||| qw: Game counter: 757
     0 | D:1      | 0 ||| qw: Melee chars always use a shield: true
     0 | D:1      | 0 ||| qw: God list: Okawaru
     0 | D:1      | 0 ||| qw: Allow faded altars: false
     0 | D:1      | 0 ||| qw: Do Orc after clearing Dungeon:15 true
     0 | D:1      | 0 ||| qw: Do second Lair branch before Depths: true
     0 | D:1      | 0 ||| qw: Lair rune preference: random
     0 | D:1      | 0 ||| qw: Goals: Normal
     0 | D:1      | 0 ||| PLANNING D:1-11
    89 | D:1      | Found Xawiargh's Antique Armour Shop.
   105 | D:1      | Reached skill level 6 in Ranged Weapons
   105 | D:1      | Reached XP level 2. HP: 16/16 MP: 4/4
   115 | D:1      | 115 ||| SHOPLISTING ring mail (112 gold, have 0).
   115 | D:1      | 115 ||| SHOPLISTING scale mail (112 gold, have 0).
   115 | D:1      | 115 ||| SHOPLISTING shiny helmet (210 gold, have 0).
   237 | D:1      | Found Duotodgh's Antique Weapon Boutique.
   252 | D:1      | 252 ||| SHOPLISTING runed sling (90 gold, have 70).
   384 | D:1      | Found Kuttux's Antique Armour Boutique.
   394 | D:1      | 394 ||| BUYING pair of boots (94 gold).
   394 | D:1      | Bought a pair of boots for 94 gold pieces
   394 | D:1      | 394 ||| SHOPLISTING runed ring mail (147 gold, have 14).
   439 | D:1      | Found Yceizoh's Weapon Shoppe.
   596 | D:1      | Reached XP level 3. HP: 20/20 MP: 5/5
   781 | D:1      | Found Hibbiow's Distillery.
   814 | D:1      | 814 ||| SHOPLISTING 2 potions of curing (84 gold, have 23).
   814 | D:1      | 814 ||| SHOPLISTING potion of curing (42 gold, have 23).
   814 | D:1      | 814 ||| SHOPLISTING potion of enlightenment (70 gold, have
                  | 23).
   814 | D:1      | 814 ||| SHOPLISTING potion of heal wounds (70 gold, have
                  | 23).
   814 | D:1      | 814 ||| SHOPLISTING potion of resistance (140 gold, have
                  | 23).
   814 | D:1      | 814 ||| UPGRADING to +0 pair of boots.
   819 | D:1      | 819 ||| UPGRADING to +6 ring of strength.
   820 | D:1      | 820 ||| READING scroll labelled AVEILO BOBUF.
   821 | D:1      | 821 ||| READING scroll labelled LUESUMANAH.
   826 | D:1      | 826 ||| DROPPING scroll of butterflies.
   996 | D:2      | Noticed Sigmund
   998 | D:2      | 998 ||| DRINKING inky potion.
  1002 | D:2      | 1002 ||| DRINKING ruby potion.
  1012 | D:2      | Killed from afar by Sigmund

Levels and vault maps discovered:
D:1:      mrwooster_arrival_statue_3, layout_loops_ring, serial_shops,
          nicolae_square_shop, nicolae_lakefront_shop, shop, shop, shop_coins
D:2:      layout_basic, shapermc_ecumenical_altar_acropolis,
          nicolae_elevator_lobby_asterisk, uniq_sigmund

Skill      XL: |  1 |
---------------+----+-----
Ranged Weapons | 6 |  6.7
Fighting       | |  1.5
Dodging        | |  2.4
Stealth        | |  1.2

Action                     || total
---------------------------++-------
   Fire: Shortbow          ||    80
    Use: Scroll            ||     2
         Potion            ||     2
 Armour: Leather armour    ||    18
  Dodge: Dodged            ||    19

Table legend:
 A = Non-vault XP
 B = Vault XP
 C = Vault XP percentage of total XP
 D = Non-vault monster count
 E = Vault monster count
 F = Vault count percentage of total count
                 A         B        C        D         E       F
            +---------+---------+-------+---------+---------+-------
      Total |      50 |       0 |   0.0 |      30 |       0 |   0.0
            +---------+---------+-------+---------+---------+-------
        D:1 |      48 |       0 |   0.0 |      28 |       0 |   0.0
        D:2 |       2 |       0 |   0.0 |       2 |       0 |   0.0
            +---------+---------+-------+---------+---------+-------
